 Dungeon Crawl Stone Soup version 0.18-a0-971-g0af6217 (webtiles) character file.

14 4thArraOfDagon the Gusty (level 2, -1/20 HPs)
             Began as a Centaur Air Elementalist on Jan 2, 2016.
             Slain by an orc priest
             ... wielding a +0 war axe
              (7 damage)
             ... on level 4 of the Dungeon.
             The game lasted 00:02:35 (564 turns).

4thArraOfDagon the Gusty (Centaur Air Elementalist)  Turns: 564, Time: 00:02:35

Health: -1/20      AC:  4    Str: 10    XL:     2   Next: 31%
Magic:  2/4        EV:  9    Int: 19    God:
Gold:   60         SH:  0    Dex:  9    Spells: 2 memorised, 1 level left

rFire  . . .     SeeInvis .     d - +0 dagger
rCold  . . .     Gourm    .     a - +0 robe
rNeg   . . .     Faith    .     (no shield)
rPois  .         Spirit   .     (no helmet)
rElec  .         Dismiss  .     (no cloak)
rCorr  .         Reflect  .     (no gloves)
SustAt .         Harm     .     (no barding)
MR     .....                    (no amulet)
Stlth  +.........               (no ring)
                                (no ring)

@: brilliant, lethally poisoned (-1 -> -10), repel missiles, very quick, not
resistant to hostile enchantments, very unstealthy
A: hooves 3, deformed body, speed 2, tough skin 3
a: no special abilities


You were on level 4 of the Dungeon.
You were not hungry.

You visited 1 branch of the dungeon, and saw 5 of its levels.

You collected 60 gold pieces.

Inventory:

Hand Weapons
 d - a +0 dagger (weapon)
 i - a +0 mace
 l - a +0 spear
Armour
 a - a +0 robe (worn)
Scrolls
 e - a scroll of recharging {unknown}
 f - a scroll of blinking {unknown}
 h - a scroll of enchant weapon {unknown}
 j - a scroll of identify {unknown}
Potions
 g - a potion of curing
Books
 b - a book of Air

   Spells                             Type                      Level
   a - Shock                          Conjuration/Air              1
   b - Swiftness                      Charms/Air                   2
   c - Repel Missiles                 Charms/Air                   2
   d - Static Discharge               Conjuration/Air              3
   e - Lightning Bolt                 Conjuration/Air              5
Comestibles
 c - 2 bread rations


   Skills:
 - Level 1.3 Dodging
 - Level 1.2 Stealth
 + Level 1.7 Spellcasting
 * Level 1.3 Conjurations
 * Level 3.1 Air Magic


You had one spell level left.
You knew the following spells:

 Your Spells              Type           Power        Failure   Level  Hunger
a - Shock                 Conj/Air       ###.         1%          1    #......
b - Repel Missiles        Chrm/Air       ###...       2%          2    ###....


Dungeon Overview and Level Annotations

Branches:
Dungeon (5/15)
 Temple: D:4-7

Altars:
Gozag
Kikubaaqudgha


Innate Abilities, Weirdness & Mutations

You have hooves in place of feet.
Armour fits poorly on your strangely shaped body.
You cover ground very quickly.
You have extremely tough skin (AC +3).


Message History

Confirm with . or Enter, or press ? or * to list all spells.
Aiming: Shock
Press: ? - help, Shift-Dir - straight line, f - orc priest
Aim: an orc priest, wielding a war axe The zap hits the orc priest.
The orc priest is heavily wounded.
The orc priest hits you with a war axe. The worker ant bites you.
You are lethally poisoned!
The worker ant poisons you! The orc closely misses you.
Unknown command.
Casting: Shock
Confirm with . or Enter, or press ? or * to list all spells.
Aiming: Shock
Press: ? - help, Shift-Dir - straight line, f/p - orc priest
Aim: an orc priest, wielding a war axe (heavily wounded)
The zap misses the orc priest.
* * * LOW HITPOINT WARNING * * *
You feel sick. The worker ant barely misses you. The orc barely misses you.
The orc priest hits you with a war axe!
You die...

#########..###...##.....
#..........# ##.###.####
#.########.####.###.####
#.##..........#
#.............#
########.##.#.###.#...
.........##.#.###.....
######..##...........
#a@o.....#P.P.....#
#o##..#..P.P###..##
#.##..P.P...#.#[.##
#.##..........#...#
#.##.....#....#...#
#.##.P..##.._.#...#
#.##...P.#....#...#
#.##..........#.#.#
#.##..P.....#.#....


You could see a worker ant, an orc priest and an orc.

Vanquished Creatures
  An adder (D:2)
  A giant gecko (D:4)
  A ball python (D:4)
  3 bats
6 creatures vanquished.

Notes
Turn   | Place    | Note
--------------------------------------------------------------
     0 | D:1      | 4thArraOfDagon the Centaur Air Elementalist began the quest for the Orb.
     0 | D:1      | Reached XP level 1. HP: 14/14 MP: 3/3
    23 | D:2      | Found an opulent altar of Gozag.
    32 | D:2      | Reached skill level 1 in Conjurations
    32 | D:2      | Reached skill level 3 in Air Magic
    32 | D:2      | Reached XP level 2. HP: 18/20 MP: 0/4
    44 | D:2      | Learned a level 2 spell: Repel Missiles
   381 | D:4      | Found an ancient bone altar of Kikubaaqudgha.
   419 | D:5      | Entered Level 5 of the Dungeon
   564 | D:4      | Slain by an orc priest

Vault maps used:
D:1:      dpeg_arrival_line_fractal
D:2:      lemuel_doored_altar, cheibriados_altar_1, first_bread
D:4:      kiku_gazebo_garden_becter, uniq_crazy_yiuf_cottage
D:5:      nicolae_overflow_hidden_temple, temple_statues, serial_shops,
          nicolae_shop_window_shopping, nemelex_lonely_heart_becter

Action                   || total
-------------------------++-------
Melee: Dagger            ||    20
 Cast: Shock             ||     5
       Repel Missiles    ||     1
  Use: Potion            ||     2
